Map: Interloper LE

Players

Foophy - Winner!

  • Race: Protoss Protoss
  • League: Gold
  • Spawn Location: 11:00

Winthrowe

  • Race: Terran Terran
  • League: Silver
  • Spawn Location: 5:00

VOD

Have the link to the VOD?

Description

Time

  • Played on: Aug. 18, 2017, 9:41 p.m.
  • Length: 13:51
Show
View Real Time Build Order
Export as new Build Order

Foophy Protoss - Winner!

Build Orders: Zealot Archon 

Get SALT Encoding   

  12  0:01  Probe (Chrono Boost)  
  14  0:16  Pylon  
  14  0:18  Probe (Chrono Boost)  
  14  0:29  Probe (Chrono Boost)  
  15  0:37  Gateway  
  15  0:45  Probe (Chrono Boost)  
  16  0:53  Assimilator  
  16  0:56  Probe (Chrono Boost)  
  17  1:04  Pylon  
  17  1:07  Probe (Chrono Boost)  
  18  1:17  Probe (Chrono Boost)  
  19  1:26  Cybernetics Core  
  19  1:28  Probe (Chrono Boost)  
  20  1:47  Probe (Chrono Boost)  
  21  1:56  Gateway  
  21  1:57  Probe (Chrono Boost)  
  21  1:59  Gateway  
  22  2:05  Warp Gate (Chrono Boost)  
  22  2:08  Probe  
  23  2:20  Probe  
  23  2:32  Probe  
  23  2:33  Assimilator  
  24  2:41  Nexus  
  25  2:44  Probe  
  25  2:47  Sentry, Pylon  
  27  2:52  Sentry  
  27  2:56  Probe  
  30  3:03  Pylon  
  30  3:18  Adept, Stalker  
  34  3:22  Probe  
  35  3:34  Probe  
  36  3:44  Pylon, Twilight Council  
  36  3:46  Probe  
  36  3:47  Pylon  
  37  3:52  Probe  
  38  3:58  Probe  
  39  4:03  Assimilator, Probe  
  40  4:10  Probe  
  40  4:12  Mothership Core  
  40  4:14  Stalker  
  45  4:25  Pylon  
  45  4:33  Pylon  
  45  4:38  Probe  
  45  4:39  Templar Archives, Probe  
  47  4:46  Assimilator  
  47  4:49  Probe  
  47  4:51  Probe  
  49  4:55  Pylon  
  49  4:59  Probe  
  49  5:01  Stalker, Pylon  
  52  5:07  Probe  
  52  5:10  Probe  
  54  5:15  Psionic Storm  
  54  5:16  Pylon  
  54  5:18  High Templar  
  54  5:19  Probe  
  54  5:20  Probe  
  58  5:31  Probe x2  
  60  5:41  Probe  
  60  5:43  Probe  
  62  5:52  Probe  
  62  5:55  Probe  
  64  5:58  Stalker x2  
  64  5:59  Zealot  
  64  6:02  Probe  
  71  6:07  Probe  
  71  6:10  Pylon  
  72  6:12  Pylon  
  72  6:14  Probe  
  72  6:16  Blink (Chrono Boost)  
  72  6:17  Forge  
  73  6:19  Forge  
  73  6:20  Probe  
  73  6:23  High Templar x2  
  78  6:26  Probe  
  78  6:32  Probe  
  80  6:35  Archon  
  80  6:38  Zealot, Probe  
  83  6:44  Probe  
  83  6:45  Nexus  
  84  6:49  Assimilator  
  84  6:50  Probe  
  84  6:53  Assimilator  
  85  6:56  Probe  
  85  6:57  Pylon  
  86  7:01  Pylon  
  86  7:02  Probe  
  87  7:15  Probe x2  
  89  7:19  Pylon  
  89  7:20  Stalker x2  
  89  7:22  Sentry, Pylon  
  95  7:26  Protoss Ground Weapons Level 1 (Chrono Boost)  
  95  7:27  Probe x2, Protoss Ground Armor Level 1 (Chrono Boost)  
  97  7:39  Probe x2  
  97  7:43  Gateway  
  97  7:44  Gateway  
  99  7:46  Gateway  
  99  7:51  Probe x2  
  100  7:52  Pylon  
  100  7:54  Pylon  
  100  7:57  Gateway  
  101  8:01  Stalker  
  101  8:02  Zealot, Probe  
  101  8:03  Probe  
  107  8:10  Probe  
  107  8:12  Probe  
  108  8:14  Gateway  
  108  8:17  Gateway  
  109  8:21  Gateway  
  109  8:27  Stalker x3  
  109  8:29  Probe x2  
  107  8:53  Robotics Facility  
  93  8:58  Stalker x3  
  93  8:59  Stalker x3  
  97  9:03  Probe  
  97  9:04  Probe  
  97  9:05  Probe  
  100  9:14  Probe  
  100  9:16  Robotics Facility, Probe  
  100  9:17  Robotics Facility, Probe  
  103  9:26  Dark Shrine  
  103  9:28  Probe  
  102  9:50  Nexus  
  102  9:53  Assimilator  
  102  9:57  Assimilator  
  102  9:59  Pylon  
  102  10:02  Pylon  
  102  10:03  Stalker x6  
  102  10:04  Stalker x3  
  102  10:05  Pylon  
  120  10:08  Warp Prism  
  120  10:09  Immortal  
  120  10:10  Immortal  
  130  10:17  Probe  
  130  10:19  Pylon, Probe x2  
  133  10:28  Probe  
  133  10:31  Probe x2  
  136  10:38  Probe  
  137  10:43  Probe, Warp Prism  
  137  10:48  Observer  
  137  10:49  Observer  
  142  10:51  Nexus  
  140  11:16  Dark Templar x6  
  140  11:17  Dark Templar  
  152  11:29  High Templar x3  
  154  11:39  Charge  
  150  12:06  Archon x4  
  150  12:07  High Templar x3  
  150  12:08  High Templar x4  
  160  12:09  High Templar  
  160  12:10  Zealot x2  
  170  12:24  Archon x3  
  170  12:25  Archon  
  154  13:05  High Templar x4  
  158  13:06  Stalker x3  
  158  13:07  Stalker x3  
  174  13:20  Mothership Core, Probe  
  174  13:25  Archon x2  
  177  13:27  Archon  
  175  13:50  High Templar x5  
  175  13:51  Stalker x5  
Show
View Real Time Build Order
Export as new Build Order

Winthrowe Terran 

Build Orders:  

Get SALT Encoding   

  12  0:02  SCV  
  13  0:16  Supply Depot  
  13  0:18  SCV  
  14  0:30  SCV  
  14  0:33  Refinery  
  15  0:43  SCV  
  15  0:49  Barracks  
  16  0:55  SCV  
  17  1:07  SCV  
  18  1:17  Supply Depot  
  18  1:23  SCV  
  19  1:35  SCV  
  20  1:41  Marine  
  21  1:47  SCV  
  22  2:00  SCV  
  23  2:02  Refinery  
  23  2:12  SCV  
  23  2:13  Marine  
  25  2:24  SCV  
  26  2:31  Marine  
  26  2:36  SCV  
  28  2:39  Supply Depot  
  28  2:41  Supply Depot  
  28  2:48  SCV  
  29  2:55  Barracks  
  29  3:02  Command Center  
  29  3:07  Barracks Reactor  
  29  3:11  Bunker  
  29  3:31  Factory  
  29  3:49  Marine x2, Engineering Bay  
  31  3:57  Barracks Tech Lab  
  31  4:07  Marine x2  
  33  4:15  Engineering Bay  
  33  4:19  Starport  
  33  4:24  Marine  
  33  4:25  Marine  
  35  4:42  Marine  
  35  4:43  Marine  
  37  4:50  Starport  
  37  4:55  Cyclone  
  40  5:14  Starport Tech Lab  
  40  5:28  Cyclone  
  43  5:35  Planetary Fortress  
  43  5:44  SCV  
  43  5:49  Starport Reactor  
  44  5:53  Marauder  
  44  5:56  SCV  
  47  6:00  Cyclone  
  47  6:01  Raven  
  52  6:08  SCV  
  53  6:14  Marauder  
  55  6:20  SCV  
  56  6:26  Marine x2  
  56  6:28  Command Center  
  56  6:32  SCV, Cyclone  
  62  6:43  Supply Depot  
  62  7:04  Marine x2  
  62  7:05  Marauder  
  62  7:06  Supply Depot  
  62  7:08  Medivac x2  
  70  7:21  Factory Tech Lab  
  70  7:27  Banshee  
  70  7:29  Supply Depot  
  73  7:40  Orbital Command  
  73  7:47  Planetary Fortress  
  73  7:52  Supply Depot  
  73  7:54  Marine  
  73  7:55  Marine  
  73  7:56  Marine  
  76  8:10  Banshee  
  76  8:12  Marine x2  
  79  8:14  Marine  
  79  8:19  Refinery  
  82  8:20  Terran Infantry Weapons Level 1  
  82  8:22  Terran Infantry Armor Level 1  
  82  8:26  Armory  
  82  8:45  Refinery  
  48  9:15  Medivac x2  
  52  9:23  Marauder  
  54  9:24  Marine  
  54  9:25  Marine  
  56  9:33  Hellion  
  58  9:42  Marine x2  
  58  9:45  Marauder  
  50  9:54  Hellion  
  50  10:00  Marine x2  
  50  10:06  Marauder  
  54  10:14  Viking x2  
  56  10:16  Hellion  
  56  10:18  Marine x2  
  62  10:27  Marauder  
  64  10:35  Marine  
  64  10:36  Marine  
  64  10:37  SCV, Hellion  
  64  10:38  SCV x2  
  71  10:49  SCV, Marauder  
  74  10:50  SCV x2  
  74  10:53  Marine  
  74  10:54  Marine  
  78  10:58  Hellion  
  78  11:01  SCV  
  78  11:02  SCV  
  82  11:10  Marauder  
  82  11:11  Viking x2, Marine  
  86  11:12  Marine  
  90  11:29  Marine x2  
  90  11:31  Marauder  
  94  11:40  Viking  
  94  11:41  Viking x2  
  94  11:47  Marine x2  
  98  11:53  Marauder  
  92  12:04  Marine  
  92  12:05  Marine  
  94  12:10  Viking  
  94  12:11  Viking  
  94  12:14  Marauder  
  100  12:22  Marine  
  94  12:23  Marine  
  92  12:36  Marauder  
  76  12:44  Marine  
  76  12:45  Marine  
  76  12:48  Viking x3  
  66  12:57  Marauder  
  62  13:00  Thor  
  62  13:02  Marine  
  62  13:03  Marine  
  70  13:18  Viking x3, Marauder  
  78  13:20  Marine  
  78  13:21  Marine  
  80  13:28  Fusion Core  
Tags
 
Composition
Zealot Archon
Matchup
PvT
Spawn Locations
Cross Positions
Add a new tag
Caveats
  • Supply blocks, unpowered buildings, or Contaminate may cause inaccurate times.
  • Supply counts are checked every 10 seconds.